 Dungeon Sprint DCSS version 0.30-a0-469-g84de5afbc5 (webtiles) character file.

Game seed: 13995818587897487259

2400000 NinjaNoafa the Conqueror (level 21, -113/187 HPs)
             Began as a Djinni Wanderer on Dec 19, 2022.
             Was the Champion of Makhleb.
             Annihilated by a destroyer
             ... wielding a +9 vorpal great sword
              (114 damage)
             ... in the Dungeon (Sprint VIII: "Arena of Blood").
             The game lasted 00:00:46 (24 turns).

NinjaNoafa the Conqueror (Djinni Wanderer)            Turns: 24, Time: 00:00:46

Health: -113/187   AC: 13    Str: 12    XL:     21   Next: 69%
Gold:   0          EV: 10    Int: 21    God:    Makhleb [******] SH:  0 Dex: 16

rFire   + + .      SeeInvis .    i - +∞ Axe of Woe
rCold   x . .      Faith    .    (shield currently unavailable)
rNeg    . . .      Spirit   .    b - +0 scale mail
rPois   ∞          Reflect  .    (no helmet)
rElec   .          Harm     .    (no cloak)
rCorr   .          Rampage  .    (no gloves)
Will    ++...      NoTele   +    (boots unavailable)
Stlth   ++++++++..               (no amulet)
HPRegen 0.51/turn                (no ring)
MPRegen 0.00/turn                (no ring)

@: flying
A: sickness immunity, fire resistance 2, cold vulnerability 1, float, innate
caster, HP casting, extra vitality 1
a: Renounce Religion, Minor Destruction, Lesser Servant of Makhleb, Major
Destruction, Greater Servant of Makhleb


You were in the Dungeon.
You worshipped Makhleb.
Makhleb was exalted by your worship.
You visited 1 branch

Inventory:

Hand Weapons
 a - a +0 club
 i - the +∞ Axe of Woe (weapon)
   (You found it in the Dungeon)
Armour
 b - a +0 scale mail (worn)
Scrolls
 d - a scroll of teleportation
Potions
 c - 2 potions of curing
 e - a potion of heal wounds
 f - a potion of haste
 g - a potion of berserk rage


   Skills:
 O Level 27 Fighting
 + Level 25.5 Throwing
 O Level 27 Armour
 O Level 27 Stealth
 O Level 27 Unarmed Combat
 + Level 23.8 Spellcasting
 O Level 27 Invocations


You had 15 spell levels left.
You knew the following spells:

 Your Spells              Type           Power      Damage    Failure   Level
a - Apportation           Tloc           100%       N/A       0%          1
b - Lesser Beckoning      Tloc           100%       N/A       0%          3
c - Kindle Blastsparks    Fire/Tloc/Air  100%       2d18      0%          3
d - Kiss of Death         Conj/Necr      100%       2d13      0%          1
e - Wereblood             Tmut           90%        N/A       0%          2
f - Vampiric Draining     Necr           90%        2d12      0%          3
g - Summon Ice Beast      Ice/Summ       90%        N/A       0%          4
h - Agony                 Necr           90%        N/A       0%          5
i - Lightning Bolt        Conj/Air       45%        1d65      0%          5
j - Simulacrum            Ice/Necr       45%        N/A       1%          6
k - Iron Shot             Conj/Erth      45%        9d9       1%          6
l - Dispersal             Tloc           45%        N/A       1%          6
m - Haunt                 Necr/Summ      45%        N/A       1%          7

Your spell library contained the following spells:

 Spells                   Type           Power      Damage    Failure   Level


Dungeon Overview and Level Annotations

Branches:
Dungeon (1/1)

Altars:
Makhleb


Innate Abilities, Weirdness & Mutations

You are immune to sickness and miasma.
You are immune to poison.
Your flesh is very heat resistant. (rF++)
You are vulnerable to cold. (rC-)
You float through the air rather than walking.
You learn spells naturally, not from books.
Your magical power is your life essence.
You have superior vitality. (+4 MHP)


Message History

Your body is wracked with pain!
The large bag of meat convulses!
Flame seeps out of the large bag of meat.
The meat berserker convulses!
The bag of meat convulses!
The large bag of meat is engulfed in blazing flames.
You hear a shout!
The destroyer is engulfed in blazing flames.
The destroyer hits you with a +9 vorpal great sword!!!
* * * LOW HITPOINT WARNING * * *
x2 The destroyer barely misses you.
You hear a shout!
The destroyer gestures at you while chanting.
The destroyer blinks!
The large bag of meat is engulfed in blazing flames.
A bag of meat comes into view. It is wielding a +9 war axe. x2
You hear a shout! x4
The bag of meat shouts!
You slash the destroyer!
You pulverise the destroyer into a thin bloody mist.
You destroy the destroyer!
Makhleb accepts your kill.
You feel better.
The sculptor of flesh appears out of thin air!
A sculptor of flesh comes into view. It is wielding a +9 great sword.
You hear a shout! x2
A meat berserker comes into view. It is wielding a +9 battleaxe.
The meat berserker rages.
You hear a shout!
The destroyer gestures at you while chanting.
The destroyer blinks!
You hear a shout! x2
A sculptor of flesh comes into view. It is wielding a +9 great sword.
The large bag of meat is engulfed in blazing flames.
The meat berserker hits you with a +9 battleaxe!!
* * * LOW HITPOINT WARNING * * *
The bag of meat is engulfed in blazing flames.
A bag of meat comes into view. It is wielding a +9 war axe.
The bag of meat is engulfed in blazing flames.
The destroyer hits you with a +9 vorpal great sword!!!!
Ouch! That really hurt!
You die...

.... ....oOo. .O..
....o... .. .....
...Ooo... .....
#oo§....# .z#...
#O.o....#
.....o###oo.....###.
.....§O§Vo.###......
#○§O@O§.._.......
#..V§o§.#.....#....
.........#_.<._# .
.#..D.§..#.O...#
o.O#........_.....
V. ........###......
. ....###.. ..###.


zO... #... ..# #.. ..# You could see an eight-headed meat hydra, 3 destroyers, 2
sculptors of flesh, 2 large bags of meat, 7 meat berserkers and 13 bags of meat.

Vanquished Creatures
  5 vampire knights (D)
  11 ogres (D)
  A two-headed ogre (D)
  14 orcs (D)
31 creatures vanquished.

Notes
Turn   | Place    | Note
-------+----------+-------------------------------------------
     0 | D        | Found the +∞ Axe of Woe
     0 | D        | NinjaNoafa the Djinni Wanderer began the quest for the Orb.
     0 | D        | NinjaNoafa set off with the following items: a +0 club, a
                  | +0 scale mail, 2 potions of curing, a scroll of
                  | teleportation, a potion of heal wounds, a potion of haste,
                  | a potion of berserk rage, a scroll of blinkingthe following
                  | spells memorised: Apportation, Lesser Beckoning, Kindle
                  | Blastsparks.
     0 | D        | Reached XP level 1. HP: 17/17 MP: 0/0
     4 | D        | Became a worshipper of Makhleb the Destroyer
     4 | D        | Noticed a meat berserker
     5 | D        | Noticed a meat berserker
     5 | D        | Noticed a bag of meat
     6 | D        | Noticed a bag of meat
     7 | D        | Noticed a bag of meat
     7 | D        | Noticed a bag of meat
     8 | D        | Killed a bag of meat
     8 | D        | Noticed a bag of meat
     9 | D        | Reached skill level 10 in Fighting
     9 | D        | Reached skill level 10 in Stealth
     9 | D        | Reached XP level 2. HP: 36/36 MP: 0/0
     9 | D        | Reached XP level 3. HP: 41/41 MP: 0/0
     9 | D        | Learned a level 1 spell: Kiss of Death
     9 | D        | Reached XP level 4. HP: 48/48 MP: 0/0
     9 | D        | Reached XP level 5. HP: 52/52 MP: 0/0
     9 | D        | Learned a level 2 spell: Wereblood
     9 | D        | Reached XP level 6. HP: 58/58 MP: 0/0
     9 | D        | Reached XP level 7. HP: 64/64 MP: 0/0
     9 | D        | Learned a level 3 spell: Vampiric Draining
     9 | D        | Reached XP level 8. HP: 70/70 MP: 0/0
     9 | D        | Reached XP level 9. HP: 75/75 MP: 0/0
     9 | D        | Learned a level 4 spell: Summon Ice Beast
     9 | D        | Reached XP level 10. HP: 81/81 MP: 0/0
     9 | D        | Reached XP level 11. HP: 86/86 MP: 0/0
     9 | D        | Learned a level 5 spell: Agony
     9 | D        | Noticed a bag of meat
     9 | D        | Noticed a meat berserker
    10 | D        | Killed a meat berserker
    10 | D        | Reached * piety under Makhleb
    10 | D        | Noticed a bag of meat
    11 | D        | Reached skill level 10 in Spellcasting
    11 | D        | Reached XP level 12. HP: 31/98 MP: 0/0
    11 | D        | Reached XP level 13. HP: 33/103 MP: 0/0
    11 | D        | Learned a level 5 spell: Lightning Bolt
    11 | D        | Noticed a bag of meat
    11 | D        | Killed a meat berserker
    11 | D        | Killed a bag of meat
    11 | D        | Killed a bag of meat
    11 | D        | Reached ** piety under Makhleb
    11 | D        | Killed a bag of meat
    11 | D        | Noticed a bag of meat
    12 | D        | Reached skill level 15 in Stealth
    12 | D        | Reached XP level 14. HP: 38/117 MP: 0/0
    12 | D        | Reached XP level 15. HP: 40/122 MP: 0/0
    12 | D        | Learned a level 6 spell: Simulacrum
    12 | D        | Noticed a meat berserker
    12 | D        | HP: 1/122 [meat berserker/+9 battleaxe (53)]
    12 | D        | Noticed a meat berserker
    13 | D        | Killed a meat berserker
    13 | D        | Reached *** piety under Makhleb
    14 | D        | Reached skill level 15 in Throwing
    14 | D        | Reached skill level 15 in Invocations
    14 | D        | Reached XP level 16. HP: 21/134 MP: 0/0
    14 | D        | Killed a meat berserker
    14 | D        | Reached **** piety under Makhleb
    14 | D        | Noticed a meat berserker
    15 | D        | Reached skill level 15 in Spellcasting
    15 | D        | Reached XP level 17. HP: 92/143 MP: 0/0
    15 | D        | Learned a level 6 spell: Iron Shot
    15 | D        | Noticed a destroyer
    15 | D        | Killed a meat berserker
    15 | D        | Reached ***** piety under Makhleb
    15 | D        | Noticed a meat berserker
    16 | D        | Noticed a meat berserker
    16 | D        | Noticed a meat berserker
    17 | D        | Noticed a large bag of meat
    17 | D        | Killed a meat berserker
    17 | D        | Noticed a large bag of meat
    17 | D        | Noticed a meat berserker
    17 | D        | Noticed a destroyer
    18 | D        | Reached XP level 18. HP: 85/155 MP: 0/0
    18 | D        | Killed a destroyer
    18 | D        | Killed a meat berserker
    18 | D        | Noticed a meat berserker
    18 | D        | Noticed a destroyer
    18 | D        | Noticed a destroyer
    18 | D        | Noticed a destroyer
    19 | D        | Reached XP level 19. HP: 98/164 MP: 0/0
    19 | D        | Learned a level 6 spell: Dispersal
    19 | D        | Killed a meat berserker
    19 | D        | Reached ****** piety under Makhleb
    19 | D        | Killed a meat berserker
    19 | D        | Noticed a meat berserker
    20 | D        | Killed a destroyer
    20 | D        | Killed a destroyer
    21 | D        | Reached XP level 20. HP: 179/179 MP: 0/0
    21 | D        | Killed a large bag of meat
    21 | D        | Killed a meat berserker
    21 | D        | Noticed a meat berserker
    21 | D        | Noticed an eight-headed meat hydra
    21 | D        | Noticed a large bag of meat
    21 | D        | Noticed a meat berserker
    21 | D        | Noticed a destroyer
    22 | D        | Reached skill level 27 in Fighting
    22 | D        | Reached skill level 27 in Armour
    22 | D        | Reached skill level 27 in Unarmed Combat
    22 | D        | Reached XP level 21. HP: 168/187 MP: 0/0
    22 | D        | Learned a level 7 spell: Haunt
    22 | D        | Noticed a destroyer
    22 | D        | Noticed a destroyer
    22 | D        | Killed a meat berserker
    22 | D        | Killed a destroyer
    22 | D        | Noticed a meat berserker
    22 | D        | Noticed a meat berserker
    23 | D        | Reached skill level 27 in Stealth
    23 | D        | Reached skill level 27 in Invocations
    23 | D        | Noticed a meat berserker
    23 | D        | HP: 5/187 [destroyer/+9 vorpal great sword (16)]
    24 | D        | Killed a destroyer
    24 | D        | Noticed a meat berserker
    24 | D        | HP: 1/187 [meat berserker/+9 battleaxe (30)]
    24 | D        | Annihilated by a destroyer

Illustrated notes

Levels and vault maps discovered:
D:        meatsprint

Skill      XL: |  1  2  3  4  5  6  7  8  9 10 11 12 13 14 15 16 17 18 19 20 21 |
---------------+----------------------------------------------------------------+-----
Fighting       | 10 13 16 18 20 22 23 26 27 | 27.0
Throwing       | 9 11 13 15 17 19 20 22 23 25 | 25.5
Armour         | 11 13 16 18 20 22 23 26 27 | 27.0
Stealth        | 10 12 15 17 18 20 21 24 25 27 | 27.0
Unarmed Combat | 11 13 16 18 20 22 23 26 27 | 27.0
Spellcasting   | 8 10 13 14 15 17 18 21 22 23 | 23.8
Invocations    | 7 12 15 17 19 21 24 25 27 | 27.0

Action                   |  1- 3 |  4- 6 |  7- 9 | 10-12 | 13-15 | 16-18 | 19-21 || total
-------------------------+-------+-------+-------+-------+-------+-------+-------++-------
Melee: Executioner's axe |     1 |       |       |     1 |     3 |     5 |     5 ||    15
 Cast: Summon Ice Beast  |       |       |       |     1 |       |       |       ||     1
       Dispersal         |       |       |       |       |       |       |     1 ||     1
  Use: Scroll            |     1 |       |       |       |       |       |       ||     1
Dodge: Dodged            |       |       |       |       |       |       |     2 ||     2

Table legend: (Time is in decaauts)
 A = Elapsed time spent in this place.
 B = Non-inter-level travel time spent in this place.
 C = Inter-level travel time spent in this place.
 D = Time resting spent in this place.
 E = Time spent auto-exploring this place.
 F = Levels seen in this place.
 G = Mean time per level.
                   A        B        C        D        E       F      G
               +--------+--------+--------+--------+--------+-----+--------+
         Total |     36 |     36 |      0 |      0 |      0 |   1 |   36.0 |
       Dungeon |     36 |     36 |      0 |      0 |      0 |   1 |   36.0 |
               +--------+--------+--------+--------+--------+-----+--------+

Top non-repeatable levels by time:
       D: 36 daAuts
